 Dungeon Crawl Stone Soup version 0.29.0-5-ge4962eb29e (webtiles) character file.

Game seed: 8132831575377813513

2064 Sobieck the Sneak (level 9, -1/45 HPs)
             Began as a Vine Stalker Earth Elementalist on Aug 29, 2022.
             Was a Follower of Wu Jian.
             Succumbed to a water moccasin's poison
             ... on level 6 of the Dungeon.
             The game lasted 00:24:13 (7541 turns).

Sobieck the Sneak (Vine Stalker Earth Elementalist) Turns: 7541, Time: 00:24:14

Health: -1/45      AC:  8    Str: 11    XL:     9   Next: 25%
Magic:  0/17       EV: 12    Int: 15    God:    Wu Jian [*.....]
Gold:   340        SH:  4    Dex: 19    Spells: 11/18 levels left

rFire   . . .      SeeInvis .   a - +1 dagger (vorpal) {short}
rCold   . . .      Faith    .   M - +0 buckler
rNeg    . . .      Spirit   +   j - +0 robe
rPois   .          Reflect  .   (no helmet)
rElec   .          Harm     .   R - +0 cloak
rCorr   .          Rampage  .   q - +2 pair of gloves
Will    +....                   (no boots)
Stlth   ++++......              b - amulet of the acrobat
HPRegen 0.95/turn               (no ring)
MPRegen 0.15/turn               (no ring)

@: lethally poisoned (-1 -> -4), weakened, flying
A: fangs 3, regeneration 1, magic shield, antimagic bite, no potion heal 2,
iridescent scales 1, MP-powered wands
a: Renounce Religion


You were on level 6 of the Dungeon.
You worshipped Wu Jian.
Wu Jian was aware of your devotion.
You visited 2 branches of the dungeon, and saw 8 of its levels.

You collected 340 gold pieces.


Innate Abilities, Weirdness & Mutations

You have razor-sharp teeth.
Your natural rate of healing is unusually fast.
When hurt, damage is shared between your health and your magic reserves.
Your bite disrupts and absorbs the magic of your enemies.
Potions cannot restore your health.
You are partially covered in iridescent scales. (AC +2)
You expend magic power (3 MP) to strengthen your wands.


   Skills:
 - Level 4.0 Fighting
 + Level 4.1 Short Blades
 - Level 1.5 Dodging
 + Level 7.3 Stealth
 + Level 5.1 Spellcasting
 - Level 3.0 Transmutations
 + Level 6.9 Earth Magic


You had 11 spell levels left.
You knew the following spells:

 Your Spells              Type           Power      Damage    Failure   Level
a - Sandblast             Erth           48%        2d12      1%          1
b - Passwall              Tmut/Erth      15%        N/A       4%          2
c - Petrify               Tmut/Erth      18%        N/A       28%         4

Your spell library contained the following spells:

 Spells                   Type           Power      Damage    Failure   Level
 Stone Arrow              Conj/Erth      28%        3d8       16%         3
 Slow                     Hex            12%        N/A       22%         1
 Blink                    Tloc           6%         N/A       32%         2
 Leda's Liquefaction      Hex/Erth       7%         N/A       47%         4
 Call Canine Familiar     Summ           3%         N/A       54%         3
 Confusing Touch          Hex            3%         N/A       54%         3
 Lesser Beckoning         Tloc           3%         N/A       54%         3
 Portal Projectile        Hex/Tloc       6%         N/A       54%         3
 Tukima's Dance           Hex            3%         N/A       54%         3
 Vampiric Draining        Necr           3%         2d6       54%         3
 Passage of Golubria      Tloc           3%         N/A       91%         4
 Yara's Violent Unravell  Hex/Tmut       4%         3d4       97%         5
 Manifold Assault         Tloc           3%         N/A       99%         5
 Enfeeble                 Hex            1%         N/A       100%        7

Inventory:

Hand Weapons
 a - a +1 vorpal dagger (weapon) {short}
   (You found it on level 1 of the Dungeon)
 e - a +0 broad axe {axe}
   (You found it on level 1 of the Dungeon)
 h - a +0 club {mace}
   (You took it off a goblin on level 1 of the Dungeon)
 r - a +0 short sword {short}
   (You took it off a kobold on level 2 of the Dungeon)
Missiles
 f - 13 poisoned darts (quivered) {throwing}
 o - 40 stones {throwing}
 s - 6 boomerangs {throwing}
Armour
 c - a +0 scale mail
   (You took it off a gnoll on level 6 of the Dungeon)
 d - a +0 robe
   (You found it on level 1 of the Dungeon)
 g - a +0 leather armour
   (You took it off an orc on level 6 of the Dungeon)
 j - a +0 robe (worn)
 k - a +0 chain mail
   (You took it off an orc on level 6 of the Dungeon)
 l - a +0 robe
   (You found it on level 1 of the Dungeon)
 m - a +0 leather armour
   (You found it on level 6 of the Dungeon)
 n - a +0 leather armour
   (You found it on level 2 of the Dungeon)
 q - a +2 pair of gloves (worn)
   (You found it on level 2 of the Dungeon)
 t - a +0 scale mail
   (You found it on level 2 of the Dungeon)
 u - a +0 robe
   (You found it on level 2 of the Dungeon)
 w - a +0 scale mail
   (You found it on level 2 of the Dungeon)
 y - a +0 leather armour
   (You found it on level 3 of the Dungeon)
 z - a +0 ring mail
   (You found it on level 5 of the Dungeon)
 A - a +0 ring mail of fire resistance
   (You found it on level 5 of the Dungeon)
 B - a +0 leather armour
   (You found it on level 3 of the Dungeon)
 D - a +0 leather armour
   (You found it on level 7 of the Dungeon)
 G - the +1 robe "Nuih" {Harm Str+4}
   (You found it on level 3 of the Dungeon)

   Str:       It affects your strength (+4).
   Harm:      It increases damage dealt and taken.
 H - a +0 scale mail
   (You found it on level 3 of the Dungeon)
 J - a +0 leather armour
   (You took it off an orc on level 3 of the Dungeon)
 K - a +0 robe
   (You took it off an orc wizard on level 5 of the Dungeon)
 M - a +0 buckler (worn)
   (You found it on level 4 of the Dungeon)
 N - a +0 leather armour
   (You found it on level 4 of the Dungeon)
 O - a +0 ring mail
   (You took it off an orc on level 6 of the Dungeon)
 P - a +0 robe
   (You took it off an orc wizard on level 6 of the Dungeon)
 R - a +0 cloak (worn)
   (You found it on level 7 of the Dungeon)
Jewellery
 b - an amulet of the acrobat (around neck)
   (You found it on level 6 of the Dungeon)
Wands
 x - a wand of roots (10)
   (You found it on level 5 of the Dungeon)
 Q - a wand of charming (10)
   (You found it on level 6 of the Dungeon)
 S - a wand of flame (15)
   (You found it on level 7 of the Dungeon)
Scrolls
 p - a scroll of immolation {!r!r}
 C - 4 scrolls of vulnerability {!r!r}
 F - 2 scrolls of amnesia
Potions
 i - a potion of heal wounds {@q2}
 v - 2 potions of attraction {!q}
 I - 3 potions of curing {@q1}
 L - a potion of flight
 T - a potion of brilliance

Dungeon Overview and Level Annotations

Branches:
Dungeon (7/15) Zot: 25864  Temple (1/1) D:6 Zot: 5976

Altars:
Ashenzari
Dithmenos
Elyvilon
Fedhas
Gozag
Hepliaklqana
Kikubaaqudgha
Makhleb
Nemelex Xobeh
Qazlal
Sif Muna
Trog
Uskayaw
Vehumet
Wu Jian
Xom
Zin
The Shining One

Shops:
D:1 :

Annotations:
D:3 3 runed translucent doors, Rudyous's ghost, amateur GrBe; Zeldest's ghost, weakling TrFi; hgbash's ghost, amateur OpIE; rlgrobin's ghost, amateur VSNe
D:4 3 runed translucent doors, Esekla's ghost, amateur FoWn
D:5 Eustachio

........# ...##.!.##
...###...## ....###...####
.............##########
......................##
##.........<.).........##
##.............Y)o......#
##............)<@.......#
##.............S....#...#
###.....###....##.รท.#...#
# #...### #...####...#..#
#...# ##..# ##.....# #..##
#.## #.....# ##..# #.#
#.....# ##..## #.# ##....#
#..## #.## #....#


You could see a water moccasin, an ice beast and an orc.


Message History

An orc wizard appears from thin air!
Reactivating autopickup.
Something hits you but does no damage.
Deactivating autopickup; reactivate with Ctrl-A.
The gnoll bouda gazes fiercely through you!
You feel your attacks grow feeble. Something hits you. Something shocks you.
The gnoll bouda gazes fiercely through you!
You feel as though you will be weak longer.
Something misses you.
A sky beast comes into view.
Something hits you. Something shocks you.
Danger!
The orc attacks as you move away! The orc barely misses you.
A water moccasin comes into view.
The water moccasin moves out of view.
Something closely misses you. The orc attacks as you move away!
The orc completely misses you.
The water moccasin hisses angrily.
A sky beast appears from thin air!
Reactivating autopickup.
The orc attacks as you move away! The orc completely misses you.
The orc wizard casts a spell.
The orc wizard flickers and vanishes!
Deactivating autopickup; reactivate with Ctrl-A.
The orc attacks as you move away! You block the orc's attack.
You spin and attack the water moccasin.
You closely miss the water moccasin.
Your attacks no longer feel as feeble.
The water moccasin bites you.
You are poisoned.
The water moccasin poisons you!
The gnoll bouda gazes fiercely through you!
You feel your attacks grow feeble.
You spin and attack the ice beast repeatedly.
You closely miss the ice beast. You hit the ice beast.
You bite the ice beast, but do no damage.
You spin and attack the water moccasin.
You hit the water moccasin.
You bite the water moccasin, but do no damage.
You feel very sick. The water moccasin barely misses you.
The ice beast barely misses you. You block the water moccasin's attack.
The ice beast attacks as you move away! The ice beast hits you.
The ice beast freezes you.
The water moccasin attacks as you move away!
The water moccasin bites you but does no damage.
You feel very sick.
The gnoll bouda gazes fiercely through you!
You feel as though you will be weak longer.
You feel sick.
There is a stone staircase leading up here.
Unknown command.
You feel sick. The water moccasin bites you!
* * * LOW HITPOINT WARNING * * *
You are more poisoned.
The water moccasin poisons you! You block the ice beast's attack.
The orc closely misses you. The water moccasin closely misses you.
You climb upwards.
Reactivating autopickup.
* * * LOW HITPOINT WARNING * * *
You feel extremely sick.
There is a stone staircase leading down, spattered with blood here.
Unknown command.
Unknown command.
As you read the scroll labelled GENNA XAPSENI, it crumbles to dust.
Your body is wracked with pain!
* * * LOW HITPOINT WARNING * * *
The orc convulses!
The water moccasin convulses!
The ice beast convulses!
It was a scroll of torment.
* * * LOW HITPOINT WARNING * * *
You feel very sick. You block the water moccasin's attack.
The ice beast hits you but does no damage.
The orc barely misses you.
As you read the scroll labelled LEJ YCAITA, it crumbles to dust.
It is a scroll of amnesia.
Really abort (and waste the scroll)? [Y]es or [N]o only, please.
Really abort (and waste the scroll)? [Y]es or [N]o only, please.
Really abort (and waste the scroll)? [Y]es or [N]o only, please.
Really abort (and waste the scroll)?
Okay, then.
* * * LOW HITPOINT WARNING * * *
You feel very sick. You block the water moccasin's attack.
The ice beast hits you. The ice beast freezes you!
* * * LOW HITPOINT WARNING * * *
The orc closely misses you. The water moccasin misses you.
Unknown command.
Unknown command.
Unknown command.
Unknown command.
Unknown command.
Okay, then.
Unknown command.
It was a potion of flight.
You feel very buoyant.
You fly up into the air.
You die...

Skill      XL: |  1  2  3  4  5  6  7  8  9 |
---------------+----------------------------+-----
Fighting       | 1 2 3 4 |  4.0
Stealth        | 3 4 6 7 |  7.3
Short Blades   | 1 2 3 4 |  4.1
Spellcasting   | 3 4 5 |  5.1
Earth Magic    | 4 5 6 |  6.9
Transmutations | 2 3 |  3.0
Dodging        | |  1.5

Action                   |  1- 3 |  4- 6 |  7- 9 || total
-------------------------+-------+-------+-------++-------
Melee: Bite              |     7 |     8 |    52 ||    67
       Unarmed           |     1 |       |       ||     1
       Dagger            |    36 |    32 |   156 ||   224
       Punch             |     1 |       |       ||     1
Throw: Dart              |       |     2 |       ||     2
 Cast: Sandblast         |    32 |    46 |    92 ||   170
       Passwall          |     8 |     3 |     1 ||    12
       Petrify           |       |       |     1 ||     1
Invok: Lunge             |       |       |     7 ||     7
       Whirlwind         |       |       |    22 ||    22
  Use: Potion            |       |     1 |     4 ||     5
       Scroll            |       |    18 |     3 ||    21
 Stab: Sleeping          |    17 |     6 |     1 ||    24
Armor: Robe              |     6 |     5 |    62 ||    73
Dodge: Dodged            |    31 |    41 |   126 ||   198
Block: Buckler           |       |     4 |    43 ||    47

Levels and vault maps discovered:
D:1:      onia_arrival_handbag, layout_basic, serial_shops, shop
D:2:      layout_loops_ring
D:3:      layout_loops_ring, ebering_ecumenical_altar_webs,
          gammafunk_ghost_cemetery
D:4:      layout_cave_pools, minmay_overflow_temple_star_hex,
          serial_co_window_serial, co_window_paths_a, co_window_paths_a,
          co_window_paths_a, co_window_of_opportunity_a, co_window_cross_1,
          co_window_corner_b, co_window_broadway_a, co_window_paths_c,
          co_window_corner_ca, co_window_unsneaky_path_a,
          co_window_of_opportunity_c, co_window_4corner_b, glass_columns_a,
          glass_columns_c, glass_columns_a, glass_columns_b,
          gammafunk_ghost_nasty_kobolds, uniq_menkaure
D:5:      layout_basic, mainiacjoe_overflow_catwalk, uniq_eustachio
D:6:      layout_layer_cave, minmay_temple_entry_nine_rooms
D:7:      layout_cave_pools, lemuel_doored_altar, st_stairs_7,
          minmay_alternating_orb
Temple:   nicolae_temple_ecumenical_triangle

Notes
Turn   | Place    | Note
-------+----------+-------------------------------------------
     0 | D:1      | Sobieck the Vine Stalker Earth Elementalist began the quest
                  | for the Orb.
     0 | D:1      | Reached XP level 1. HP: 9/9 MP: 4/4
   552 | D:1      | Reached XP level 2. HP: 14/14 MP: 3/6
   585 | D:1      | Learned a level 2 spell: Passwall
   588 | D:1      | Found Fegogidd's Book Emporium.
  1122 | D:2      | You pick up a book of Misfortune and begin reading...
  1122 | D:2      | You add the spells Confusing Touch, Yara's Violent
                  | Unravelling and Enfeeble to your library.
  1225 | D:2      | You pick up a book of Debilitation and begin reading...
  1225 | D:2      | You add the spells Slow and Vampiric Draining to your
                  | library.
  1427 | D:2      | Reached XP level 3. HP: 17/17 MP: 4/7
  1617 | D:2      | You add the spells Tukima's Dance and Passage of Golubria
                  | to your library.
  1634 | D:2      | Reached skill level 1 in Fighting
  1746 | D:2      | Reached skill level 3 in Stealth
  1756 | D:3      | Reached skill level 1 in Short Blades
  2175 | D:3      | Identified the +1 robe "Nuih" {Harm Str+4}
  2271 | D:3      | Found a runed translucent gate.
  2271 | D:3      | Found a runed translucent gate.
  2271 | D:3      | Found a runed translucent gate.
  2274 | D:3      | Noticed hgbash's ghost (amateur OpIE)
  2274 | D:3      | Noticed Zeldest's ghost (weakling TrFi)
  2274 | D:3      | Noticed rlgrobin's ghost (amateur VSNe)
  2275 | D:3      | Noticed Rudyous's ghost (amateur GrBe)
  2278 | D:3      | Found a faded altar of an unknown god.
  2305 | D:3      | You pick up a book of the Hunter and begin reading...
  2305 | D:3      | You add the spells Call Canine Familiar, Portal Projectile
                  | and Leda's Liquefaction to your library.
  2311 | D:3      | Gained mutation: Your natural rate of healing is unusually
                  | fast. [Vine Stalker growth]
  2311 | D:3      | Reached XP level 4. HP: 22/22 MP: 9/9
  2653 | D:4      | Noticed Menkaure
  2688 | D:4      | Killed Menkaure
  2689 | D:4      | Reached skill level 2 in Short Blades
  2689 | D:4      | Reached skill level 3 in Spellcasting
  2689 | D:4      | Reached XP level 5. HP: 12/26 MP: 5/10
  2823 | D:4      | Found a shadowy altar of Dithmenos.
  2827 | D:4      | Found an opulent altar of Gozag.
  2832 | D:4      | Found a radiant altar of Vehumet.
  2842 | D:4      | Found a sparkling altar of Nemelex Xobeh.
  2842 | D:4      | Found a white marble altar of Elyvilon.
  2893 | D:4      | Found a runed translucent gate.
  2998 | D:3      | Reached skill level 2 in Fighting
  2998 | D:3      | Reached XP level 6. HP: 27/30 MP: 6/11
  3091 | D:4      | Found a runed translucent gate.
  3092 | D:4      | Found a runed translucent gate.
  3094 | D:4      | Noticed Esekla's ghost (amateur FoWn)
  3126 | D:4      | Reached skill level 4 in Stealth
  3641 | D:4      | Reached skill level 3 in Short Blades
  3765 | D:4      | Reached skill level 4 in Earth Magic
  3886 | D:5      | Entered Level 5 of the Dungeon
  4467 | D:5      | Found a hazy altar of Hepliaklqana.
  4487 | D:5      | Noticed Eustachio
  4527 | D:5      | Noticed a black bear
  4623 | D:6      | Reached XP level 7. HP: 35/35 MP: 8/13
  4694 | D:6      | Found a staircase to the Ecumenical Temple.
  4702 | Temple   | Entered the Ecumenical Temple
  4714 | Temple   | Became a worshipper of the Wu Jian Council
  4884 | D:6      | Noticed a wyvern
  4891 | D:6      | HP: 5/35 [wyvern (9)]
  5044 | D:5      | Killed a wyvern
  5045 | D:5      | Reached skill level 3 in Fighting
  5045 | D:5      | Reached skill level 5 in Stealth
  5045 | D:5      | Reached skill level 4 in Spellcasting
  5137 | D:5      | Learned a level 4 spell: Petrify
  5187 | D:5      | Reached skill level 5 in Earth Magic
  5349 | D:5      | Reached skill level 6 in Stealth
  5349 | D:5      | Gained mutation: You have razor-sharp teeth. [Vine Stalker
                  | growth]
  5349 | D:5      | Reached XP level 8. HP: 40/40 MP: 12/15
  5416 | D:5      | Reached skill level 6 in Earth Magic
  5897 | D:6      | You pick up a book of Spatial Translocations and begin
                  | reading...
  5897 | D:6      | You add the spells Blink, Lesser Beckoning and Manifold
                  | Assault to your library.
  6561 | D:6      | Reached skill level 2 in Transmutations
  6836 | D:7      | Reached * piety under Wu Jian
  6927 | D:6      | Reached XP level 9. HP: 31/45 MP: 4/17
  7137 | D:6      | Reached skill level 7 in Stealth
  7218 | D:6      | Gained mutation: You expend magic power (3 MP) to
                  | strengthen your wands. [potion of mutation]
  7218 | D:6      | Gained mutation: You are partially covered in iridescent
                  | scales. (AC +2) [potion of mutation]
  7225 | D:6      | Reached skill level 4 in Fighting
  7340 | D:7      | Reached skill level 4 in Short Blades
  7340 | D:7      | Reached skill level 5 in Spellcasting
  7340 | D:7      | Reached skill level 3 in Transmutations
  7344 | D:7      | Found a glowing golden altar of the Shining One.
  7538 | D:6      | HP: 11/45 [poisoned by a water moccasin]
  7539 | D:6      | HP: 5/45 [poisoned by a water moccasin]
  7540 | D:6      | HP: 1/45 [ice beast (2)]
  7541 | D:6      | Succumbed to a water moccasin's poison

Vanquished Creatures
  A wyvern (D:5)
  Menkaure (D:4)
  A water moccasin (D:6)
  A sky beast (D:6)
  2 black bears (D:5)
  3 ogres
  A phantom (D:6)
  A centaur (D:7)
  A kobold brigand (D:6)
  A bullfrog (D:7)
  A gnoll sergeant (D:5)
  2 scorpions
  2 howler monkeys (D:6)
  An orc priest (D:7)
  2 hounds
  2 jellies
  4 iguanas
  2 orc wizards
  12 gnolls
  6 adders
  A shadow imp (D:7)
  2 white imps (D:7)
  3 ufetubi
  A worm (D:5)
  A dart slug (D:4)
  10 orcs
  3 bats
  7 endoplasms
  3 giant cockroaches
  8 goblins
  4 hobgoblins
  13 jackals
  2 kobolds
  3 quokkas
  5 ball pythons
  2 frilled lizards (D:2)
  7 rats
122 creatures vanquished.

Vanquished Creatures (others)
  2 fungi (D:4)
  2 plants (D:4)
  A withered plant (D:3)
5 creatures vanquished.

Grand Total: 127 creatures vanquished

Table legend:
 A = Non-vault XP
 B = Vault XP
 C = Vault XP percentage of total XP
 D = Non-vault monster count
 E = Vault monster count
 F = Vault count percentage of total count
                 A         B        C        D         E       F
            +---------+---------+-------+---------+---------+-------
      Total |    2106 |     843 |  28.6 |     109 |      13 |  10.7
            +---------+---------+-------+---------+---------+-------
        D:1 |      12 |       5 |  29.4 |       6 |       4 |  40.0
        D:2 |      33 |       0 |   0.0 |      20 |       0 |   0.0
        D:3 |      67 |       0 |   0.0 |      18 |       0 |   0.0
        D:4 |     274 |     172 |  38.6 |      19 |       1 |   5.0
        D:5 |     805 |       0 |   0.0 |      16 |       0 |   0.0
        D:6 |     701 |     390 |  35.7 |      24 |       3 |  11.1
        D:7 |     214 |     276 |  56.3 |       6 |       5 |  45.5
            +---------+---------+-------+---------+---------+-------

Illustrated notes

Table legend:
 A = Kills in this place as a percentage of kills in entire the game.
 B = Kills by you in this place as a percentage of kills by you in the entire game.
 C = Kills by friends in this place as a percentage of kills by friends in the entire game.
 D = Other kills in this place as a percentage of other kills in the entire game.
 E = Experience gained in this place as a percentage of experience gained in the entire game.
 F = Experience gained in this place divided by the number of levels of this place that you have seen.
                   A       B       C       D       E      F
               +-------+-------+-------+-------+-------+----------------------
         Total | 100.0 | 100.0 |   N/A |   N/A | 100.0 | 368.6
       Dungeon | 100.0 | 100.0 |   N/A |   N/A | 100.0 | 421.3
               +-------+-------+-------+-------+-------+----------------------

Table legend: (Time is in decaauts)
 A = Elapsed time spent in this place.
 B = Non-inter-level travel time spent in this place.
 C = Inter-level travel time spent in this place.
 D = Time resting spent in this place.
 E = Time spent auto-exploring this place.
 F = Levels seen in this place.
 G = Mean time per level.
                   A        B        C        D        E       F      G
               +--------+--------+--------+--------+--------+-----+--------+
         Total |   7634 |   7169 |    465 |   1468 |   3261 |   8 |  954.2 |
       Dungeon |   7610 |   7155 |    455 |   1468 |   3261 |   7 | 1087.1 |
        Temple |     23 |     13 |     10 |      0 |      0 |   1 |   23.0 |
               +--------+--------+--------+--------+--------+-----+--------+

Top non-repeatable levels by time:
     D:6: 1740 daAuts
     D:5: 1471 daAuts
     D:4: 1285 daAuts
     D:1: 970 daAuts
     D:3: 964 daAuts
     D:2: 788 daAuts
     D:7: 391 daAuts
  Temple: 23 daAuts
